 Dungeon Crawl Stone Soup version 0.24-a0-583-g87330a484a (webtiles) character file.

Game seed: 9113536655172405369, levelgen mode: deterministic

368 Gynju the Chopper (level 7, -5/52 HPs)
             Began as a Formicid Fighter on Aug 28, 2019.
             Slain by an ogre
             ... wielding a +0 giant spiked club
              (22 damage)
             ... on level 4 of the Dungeon.
             The game lasted 00:08:16 (3669 turns).

Gynju the Chopper (Formicid Fighter)                Turns: 3669, Time: 00:08:16

Health: -5/52      AC:  9    Str: 22    XL:     7   Next: 1%
Magic:  7/7        EV:  6    Int:  8    God:
Gold:   178        SH:  9    Dex: 10    Spells: 6/6 levels left

rFire    . . .     SeeInvis +   a - +0 war axe
rCold    . . .     Gourm    .   c - +0 shield
rNeg     . . .     Faith    .   q - +0 chain mail
rPois    .         Spirit   .   (helmet unavailable)
rElec    .         Reflect  .   (no cloak)
rCorr    .         Harm     .   (no gloves)
MR       .....                  (no boots)
Stlth    ..........             (no amulet)
HPRegen  0.17/turn              (no ring)
MPRegen  0.10/turn              (no ring)

@: no status effects
A: permanent stasis, dig shafts and tunnels, four strong arms, antennae 3
a: Dig, Shaft Self


You were on level 4 of the Dungeon.
You were not hungry.

You visited 1 branch of the dungeon, and saw 4 of its levels.

You collected 178 gold pieces.

Inventory:

Hand Weapons
 a - a +0 war axe (weapon)
Armour
 c - a +0 shield (worn)
 q - a +0 chain mail (worn)
Jewellery
 t - an uncursed ring of positive energy {unknown}
Scrolls
 e - 3 scrolls of identify {unknown}
 h - a scroll of enchant weapon {unknown}
 i - 2 scrolls of enchant armour {unknown}
 j - 3 scrolls of fog {unknown}
 k - 6 scrolls of remove curse {unknown}
 m - 3 scrolls of teleportation {unknown}
 n - 2 scrolls of amnesia {unknown}
 r - a scroll of magic mapping {unknown}
 s - a scroll of random uselessness {unknown}
Potions
 b - 2 potions of resistance {unknown}
 d - a potion of might
 g - 3 potions of curing {unknown}
 l - a potion of brilliance {unknown}
 o - a potion of heal wounds {unknown}
 p - a potion of berserk rage {unknown}
Comestibles
 f - 10 rations


   Skills:
 - Level 3.2 Fighting
 + Level 6.9 Axes
 - Level 3.2 Armour
 - Level 3.7 Shields


You had 6 spell levels left.
You didn't know any spells.
Your spell library was empty.

Dungeon Overview and Level Annotations

Branches:
Dungeon (4/15)
 Temple: D:4-7

Altars:
Makhleb

Shops:
D:4 ?


Innate Abilities, Weirdness & Mutations

You cannot be hasted, slowed, berserked, paralysed or teleported.
You can dig through walls and to a lower floor.
Your four strong arms can wield two-handed weapons with a shield.
You have a pair of large antennae on your head. (SInv)


Message History

The ogre hits you with a +0 giant spiked club!!
You barely miss the ogre.
The ogre hits you with a +0 giant spiked club!
You are too injured to fight recklessly!
You are too injured to fight recklessly!
You are too injured to fight recklessly!
You are too injured to fight recklessly!
You are too injured to fight recklessly!
You are too injured to fight recklessly!
You are too injured to fight recklessly!
You slash the ogre!
The ogre is heavily wounded.
The ogre barely misses you.
You slash the ogre!
The ogre is almost dead.
The ogre hits you with a +0 giant spiked club.
You barely miss the ogre.
The ogre is almost dead.
The ogre hits you with a +0 giant spiked club!!
You die...

####.....## #.........#
#.........##### #
..........#....
..##.............
................
#......O......#
#......@.....## ....#
#..............##
....####.........!......#
......#.................##
.........................#
...............#.)......##
..............###.$.#....#
..............# #...#....#
.............. .....#.#..#
##


You could see an ogre.

Vanquished Creatures
  A phantom (D:3)
  A hound (D:4)
  An orc priest (D:3)
  An orc wizard (D:3)
  A worker ant (D:4)
  7 adders
  An ooze (D:2)
  2 dart slugs (D:1)
  2 worms
  3 leopard geckos
  4 orcs
  4 bats
  5 giant cockroaches
  11 goblins
  7 hobgoblins
  13 jackals
  A frilled lizard (D:2)
  9 kobolds
  9 rats
83 creatures vanquished.

Notes
Turn   | Place    | Note
-------+----------+-------------------------------------------
     0 | D:1      | Gynju the Formicid Fighter began the quest for the Orb.
     0 | D:1      | Reached XP level 1. HP: 18/18 MP: 1/1
    57 | D:1      | Reached XP level 2. HP: 24/24 MP: 2/2
   176 | D:1      | Reached skill level 3 in Axes
   333 | D:1      | Reached XP level 3. HP: 29/29 MP: 3/3
   869 | D:2      | Reached XP level 4. HP: 33/35 MP: 4/4
   874 | D:2      | Reached skill level 4 in Axes
  1816 | D:3      | Reached XP level 5. HP: 34/41 MP: 5/5
  1988 | D:3      | Reached skill level 5 in Axes
  2292 | D:3      | Found a burning altar of Makhleb.
  2412 | D:3      | Reached XP level 6. HP: 37/47 MP: 6/6
  3220 | D:4      | Found Wuidunepn's Magic Scroll Shoppe.
  3220 | D:4      | Noticed a phantom
  3250 | D:3      | Killed a phantom
  3250 | D:3      | Reached skill level 6 in Axes
  3526 | D:4      | Reached XP level 7. HP: 52/52 MP: 7/7
  3669 | D:4      | Slain by an ogre

Levels and vault maps discovered:
D:1:      minmay_arrival_open_corners, layout_basic, minmay_unequal
D:2:      layout_loops_ring
D:3:      layout_basic, marbit_many_paths
D:4:      layout_cave_pools, tgw_xom, nicolae_gozag_zags_fifth_avenue,
          serial_shops, shop

Skill      XL: |  1  2  3  4  5  6 |
---------------+-------------------+-----
Axes           | 3 4 5 6 |  6.9
Fighting       | |  3.2
Armour         | |  3.2
Shields        | |  3.7

Action                   |  1- 3 |  4- 6 |  7- 9 || total
-------------------------+-------+-------+-------++-------
Melee: War axe           |    83 |   241 |    14 ||   338
  Eat: Chunk             |       |     8 |     1 ||     9
Armor: Scale mail        |    39 |    95 |       ||   134
       Chain mail        |       |    10 |     4 ||    14
Dodge: Dodged            |    22 |    85 |     6 ||   113
Block: Shield            |    38 |   140 |     3 ||   181

Table legend:
 A = Non-vault XP
 B = Vault XP
 C = Vault XP percentage of total XP
 D = Non-vault monster count
 E = Vault monster count
 F = Vault count percentage of total count
                 A         B        C        D         E       F
            +---------+---------+-------+---------+---------+-------
      Total |     516 |      10 |   1.9 |      78 |       5 |   6.0
            +---------+---------+-------+---------+---------+-------
        D:1 |      37 |       9 |  19.6 |      21 |       4 |  16.0
        D:2 |      90 |       0 |   0.0 |      22 |       0 |   0.0
        D:3 |     300 |       1 |   0.3 |      29 |       1 |   3.3
        D:4 |      89 |       0 |   0.0 |       6 |       0 |   0.0
            +---------+---------+-------+---------+---------+-------
